[ PARTIDA AOE2 · #493946653 ]
UnrankedFrancos vs Britons
Equipo del jugador · DERR
Equipo rival · VICT
[ ANÁLISIS DE REPETICIÓN · EXTRAÍDO DE LA PARTIDA GRABADA ]
Feudal
10:10
Castillos
22:31
Imperial
—
| APM promedio | 32.9 |
| APM pico | 90 |
| eAPM promedio | 17.5 |
| Aldeanos / militares | 131 / 99 |
Foco
⚔️ 24.5% · 🌾 75.5%
Knight ×81 · Skirmisher ×11 · Scorpion ×2 · Spearman ×2 · Archer ×1 · Mangonel ×1
Feudal
9:45
Castillos
21:37
Imperial
—
| APM promedio | 38.3 |
| APM pico | 68 |
| eAPM promedio | 14.5 |
| Aldeanos / militares | 99 / 140 |
Foco
⚔️ 28.6% · 🌾 71.4%
Spearman ×72 · Archer ×68
Mapa de la partida
Recursos iniciales + cada clic de construcción. Líneas = muros · curvas = relieve. ◆ oro · ⬟ piedra · ● bayas · ✦ reliquia · ◌ hueco del cierre
Tu base· ✓ Cerrada en 22:31 · 22t muro · 1 puerta(s)
Base de MaxPower01· Abierta — hueco de 5t
Terreno inicial suavizado · ◌ = hueco del cierre detectado · pasá el cursor para detalles
Inputs por minuto
— LRNI_robotech - - MaxPower01
Build order — LRNI_robotech
Primeras 150 de 299 acciones detectadas
| 0:00 | Crear | Villager (Male) |
| 0:01 | Crear | Villager (Male) |
| 0:01 | Crear | Villager (Male) |
| 0:02 | Construir | House |
| 0:03 | Construir | House |
| 0:04 | Crear | Villager (Male) |
| 1:31 | Crear | Villager (Male) |
| 2:01 | Crear | Villager (Male) |
| 2:01 | Crear | Villager (Male) |
| 2:17 | Crear | Villager (Male) |
| 2:17 | Crear | Villager (Male) |
| 2:53 | Crear | Villager (Male) |
| 2:53 | Crear | Villager (Male) |
| 3:06 | Crear | Villager (Male) |
| 3:44 | Construir | House |
| 3:48 | Construir | Mill |
| 3:53 | Crear | Villager (Male) |
| 4:04 | Crear | Villager (Male) |
| 4:04 | Crear | Villager (Male) |
| 4:05 | Crear | Villager (Male) |
| 4:52 | Crear | Villager (Male) |
| 5:31 | Construir | Lumber Camp |
| 5:32 | Crear | Villager (Male) |
| 5:36 | Crear | Villager (Male) |
| 5:36 | Crear | Villager (Male) |
| 6:26 | Crear | Villager (Male) |
| 6:54 | Crear | Villager (Male) |
| 6:55 | Investigar | Loom |
| 7:11 | Construir | Mill |
| 7:32 | Construir | House |
| 8:00 | Investigar | Feudal Age |
| 8:30 | Construir | Barracks |
| 8:52 | Crear | Villager (Male) |
| 8:55 | Crear | Villager (Male) |
| 9:06 | Crear | Villager (Male) |
| 9:06 | Crear | Villager (Male) |
| 9:46 | Crear | Villager (Male) |
| 10:05 | Crear | Villager (Male) |
| 10:06 | Crear | Villager (Male) |
| 10:10 | Edad | Edad Feudal |
| 10:17 | Construir | Archery Range |
| 10:19 | Investigar | Double-Bit Axe |
| 10:22 | Crear | Spearman |
| 10:29 | Crear | Villager (Male) |
| 10:52 | Crear | Villager (Male) |
| 10:54 | Construir | Farm |
| 11:00 | Crear | Villager (Male) |
| 11:03 | Construir | Farm |
| 11:13 | Construir | House |
| 11:28 | Construir | Farm |
| 11:29 | Crear | Villager (Male) |
| 11:29 | Crear | Villager (Male) |
| 11:37 | Construir | House |
| 11:50 | Crear | Skirmisher |
| 11:50 | Crear | Skirmisher |
| 11:54 | Construir | Farm |
| 12:12 | Construir | Palisade Wall |
| 12:15 | Construir | House |
| 12:18 | Crear | Villager (Male) |
| 12:21 | Construir | Farm |
| 12:33 | Crear | Skirmisher |
| 12:33 | Crear | Skirmisher |
| 12:39 | Crear | Villager (Male) |
| 12:41 | Construir | House |
| 12:42 | Crear | Villager (Male) |
| 12:48 | Crear | Villager (Male) |
| 12:58 | Construir | Farm |
| 13:07 | Crear | Villager (Male) |
| 13:07 | Crear | Villager (Male) |
| 13:11 | Construir | Farm |
| 13:16 | Construir | House |
| 13:18 | Construir | Palisade Wall |
| 13:22 | Crear | Archer |
| 13:49 | Construir | Palisade Wall |
| 13:55 | Crear | Skirmisher |
| 14:04 | Construir | Blacksmith |
| 14:12 | Crear | Villager (Male) |
| 14:16 | Construir | Farm |
| 14:21 | Construir | Farm |
| 14:31 | Construir | Farm |
| 14:40 | Construir | House |
| 14:44 | Crear | Skirmisher |
| 14:50 | Investigar | Padded Archer Armor |
| 14:56 | Construir | Farm |
| 15:07 | Construir | Palisade Gate |
| 15:17 | Crear | Skirmisher |
| 15:23 | Construir | Farm |
| 15:31 | Crear | Villager (Male) |
| 15:31 | Crear | Villager (Male) |
| 15:38 | Construir | Palisade Wall |
| 15:42 | Construir | Farm |
| 15:48 | Construir | House |
| 16:20 | Construir | House |
| 16:22 | Crear | Villager (Male) |
| 16:36 | Crear | Villager (Male) |
| 16:40 | Crear | Villager (Male) |
| 16:43 | Construir | Mining Camp |
| 16:44 | Crear | Villager (Male) |
| 17:04 | Crear | Skirmisher |
| 17:04 | Crear | Skirmisher |
| 17:04 | Crear | Skirmisher |
| 17:06 | Construir | House |
| 17:09 | Construir | House |
| 17:23 | Construir | House |
| 17:40 | Construir | Farm |
| 17:40 | Construir | Farm |
| 17:40 | Construir | Farm |
| 17:40 | Construir | Farm |
| 17:41 | Construir | Farm |
| 17:53 | Construir | House |
| 17:57 | Construir | House |
| 18:36 | Investigar | Wheelbarrow |
| 18:39 | Construir | Stable |
| 19:13 | Construir | Stable |
| 19:29 | Crear | Spearman |
| 19:38 | Investigar | Castle Age |
| 21:09 | Investigar | Scale Barding Armor |
| 21:10 | Investigar | Forging |
| 21:17 | Crear | Skirmisher |
| 21:29 | Construir | Lumber Camp |
| 22:24 | Crear | Villager (Male) |
| 22:24 | Crear | Villager (Male) |
| 22:31 | Edad | Edad de los Castillos |
| 22:34 | Construir | Farm |
| 22:36 | Crear | Knight ×5 |
| 22:37 | Crear | Knight ×5 |
| 22:42 | Investigar | Chain Barding Armor |
| 23:08 | Crear | Knight ×2 |
| 23:09 | Crear | Knight ×2 |
| 23:23 | Crear | Villager (Male) |
| 23:24 | Crear | Villager (Male) |
| 23:24 | Crear | Villager (Male) |
| 23:46 | Crear | Knight ×2 |
| 23:46 | Crear | Knight ×2 |
| 23:47 | Crear | Villager (Male) |
| 23:57 | Crear | Villager (Male) |
| 23:58 | Crear | Villager (Male) |
| 24:02 | Crear | Scout Cavalry |
| 24:36 | Crear | Knight ×2 |
| 24:36 | Crear | Knight ×2 |
| 24:37 | Crear | Villager (Male) |
| 24:37 | Crear | Villager (Male) |
| 24:50 | Crear | Villager (Male) |
| 24:50 | Crear | Villager (Male) |
| 24:57 | Construir | Town Center |
| 25:06 | Crear | Villager (Male) |
| 25:06 | Crear | Villager (Male) |
| 25:23 | Crear | Knight ×2 |
| 25:25 | Crear | Villager (Male) |
| 25:25 | Crear | Villager (Male) |
Build order — MaxPower01
Primeras 150 de 284 acciones detectadas
| 0:01 | Crear | Villager (Male) |
| 0:01 | Crear | Villager (Male) |
| 0:02 | Construir | House |
| 0:04 | Construir | House |
| 0:06 | Crear | Villager (Male) |
| 0:48 | Crear | Villager (Male) |
| 1:28 | Crear | Villager (Male) |
| 1:29 | Crear | Villager (Male) |
| 1:31 | Construir | Lumber Camp |
| 2:05 | Crear | Villager (Male) |
| 2:25 | Crear | Villager (Male) |
| 2:52 | Crear | Villager (Male) |
| 2:52 | Crear | Villager (Male) |
| 2:59 | Crear | Villager (Male) |
| 2:59 | Crear | Villager (Male) |
| 3:41 | Construir | House |
| 3:45 | Crear | Villager (Male) |
| 3:45 | Crear | Villager (Male) |
| 4:04 | Construir | Mill |
| 4:15 | Crear | Villager (Male) |
| 4:15 | Crear | Villager (Male) |
| 4:16 | Crear | Villager (Male) |
| 5:44 | Crear | Villager (Male) |
| 5:44 | Crear | Villager (Male) |
| 6:05 | Crear | Villager (Male) |
| 6:05 | Crear | Villager (Male) |
| 6:22 | Investigar | Loom |
| 6:32 | Construir | House |
| 7:35 | Investigar | Feudal Age |
| 7:36 | Investigar | Feudal Age |
| 8:10 | Construir | Barracks |
| 8:17 | Construir | Mining Camp |
| 8:47 | Construir | Palisade Wall |
| 8:58 | Construir | Palisade Wall |
| 9:03 | Construir | Palisade Wall |
| 9:05 | Construir | Palisade Wall |
| 9:19 | Construir | House |
| 9:29 | Crear | Villager (Male) |
| 9:29 | Crear | Villager (Male) |
| 9:45 | Edad | Edad Feudal |
| 9:48 | Construir | Archery Range |
| 9:50 | Construir | Archery Range |
| 10:17 | Investigar | Double-Bit Axe |
| 10:47 | Crear | Villager (Male) |
| 10:47 | Crear | Villager (Male) |
| 10:51 | Crear | Archer |
| 10:51 | Crear | Archer |
| 10:51 | Crear | Archer |
| 10:55 | Construir | Archery Range |
| 10:57 | Construir | Palisade Wall |
| 11:17 | Crear | Villager (Male) |
| 11:17 | Crear | Villager (Male) |
| 11:20 | Crear | Archer |
| 11:31 | Construir | Farm |
| 11:38 | Construir | Farm |
| 11:54 | Crear | Archer |
| 11:55 | Crear | Villager (Male) |
| 12:02 | Construir | Farm |
| 12:05 | Crear | Spearman |
| 12:17 | Construir | House |
| 12:30 | Construir | House |
| 12:45 | Construir | Farm |
| 12:46 | Construir | Farm |
| 12:48 | Construir | Farm |
| 12:59 | Construir | Palisade Wall |
| 13:03 | Construir | Palisade Wall |
| 13:12 | Crear | Spearman |
| 13:14 | Crear | Villager (Male) |
| 13:15 | Crear | Villager (Male) |
| 13:15 | Crear | Villager (Male) |
| 13:16 | Crear | Villager (Male) |
| 13:21 | Construir | Farm |
| 13:45 | Crear | Villager (Male) |
| 13:49 | Construir | Farm |
| 14:02 | Crear | Villager (Male) |
| 14:22 | Crear | Archer ×5 |
| 14:37 | Construir | Palisade Wall |
| 14:42 | Crear | Villager (Male) |
| 14:44 | Crear | Villager (Male) |
| 14:54 | Investigar | Horse Collar |
| 14:57 | Construir | House |
| 15:09 | Construir | House |
| 15:52 | Crear | Archer ×4 |
| 16:17 | Construir | Blacksmith |
| 16:21 | Crear | Villager (Male) |
| 16:21 | Crear | Villager (Male) |
| 16:21 | Crear | Villager (Male) |
| 16:22 | Crear | Villager (Male) |
| 16:22 | Crear | Villager (Male) |
| 16:24 | Construir | Farm |
| 16:25 | Construir | Farm |
| 17:12 | Construir | House |
| 17:13 | Investigar | Fletching |
| 17:25 | Construir | House |
| 17:47 | Construir | Farm |
| 17:51 | Construir | House |
| 18:10 | Construir | Farm |
| 18:43 | Construir | Farm |
| 18:45 | Construir | Farm |
| 18:46 | Construir | Farm |
| 18:47 | Construir | Farm |
| 18:57 | Investigar | Castle Age |
| 18:57 | Investigar | Castle Age |
| 19:08 | Construir | Farm |
| 19:15 | Crear | Archer |
| 19:15 | Crear | Archer |
| 19:41 | Investigar | Padded Archer Armor |
| 21:21 | Crear | Archer ×5 |
| 21:37 | Edad | Edad de los Castillos |
| 21:42 | Investigar | Crossbowman (upgrade) |
| 21:49 | Investigar | Gold Mining |
| 22:04 | Construir | Town Center |
| 22:31 | Crear | Archer |
| 22:32 | Crear | Villager (Male) |
| 22:32 | Crear | Villager (Male) |
| 22:32 | Crear | Villager (Male) |
| 22:33 | Crear | Villager (Male) |
| 22:33 | Crear | Villager (Male) |
| 22:33 | Crear | Villager (Male) |
| 22:34 | Crear | Villager (Male) |
| 22:34 | Crear | Villager (Male) |
| 22:34 | Crear | Villager (Male) |
| 22:34 | Crear | Villager (Male) |
| 22:35 | Crear | Villager (Male) |
| 22:35 | Crear | Villager (Male) |
| 22:36 | Crear | Villager (Male) |
| 22:43 | Construir | House |
| 23:06 | Investigar | Bodkin Arrow |
| 24:42 | Crear | Archer ×5 |
| 24:43 | Crear | Archer ×5 |
| 24:43 | Crear | Archer |
| 25:00 | Investigar | Pikeman (upgrade) |
| 25:00 | Crear | Spearman ×3 |
| 25:04 | Crear | Villager (Male) |
| 25:04 | Crear | Villager (Male) |
| 25:05 | Crear | Villager (Male) |
| 25:05 | Crear | Villager (Male) |
| 25:05 | Crear | Villager (Male) |
| 25:06 | Crear | Villager (Male) |
| 25:06 | Crear | Villager (Male) |
| 25:06 | Crear | Villager (Male) |
| 25:37 | Crear | Villager (Male) |
| 25:37 | Crear | Villager (Male) |
| 25:46 | Construir | House |
| 25:47 | Construir | House |
| 25:58 | Investigar | Bow Saw |
| 26:29 | Crear | Archer ×5 |
| 26:34 | Crear | Spearman |
| 26:34 | Crear | Spearman |
| 26:47 | Construir | House |
Cronología de la partida
| 8:10 | MaxPower01 · first_building Barracks |
| 8:30 | LRNI_robotech · first_building Barracks |
| 8:47 | MaxPower01 · wall_segment Palisade Wall x5 |
| 8:58 | MaxPower01 · wall_segment Palisade Wall x1 |
| 9:03 | MaxPower01 · wall_segment Palisade Wall x1 |
| 9:05 | MaxPower01 · wall_segment Palisade Wall x4 |
| 9:45 | MaxPower01 · age_up feudal |
| 9:48 | MaxPower01 · first_building Archery Range |
| 10:10 | LRNI_robotech · age_up feudal |
| 10:17 | LRNI_robotech · first_building Archery Range |
| 10:57 | MaxPower01 · wall_segment Palisade Wall x1 |
| 12:12 | LRNI_robotech · wall_segment Palisade Wall x9 |
| 12:59 | MaxPower01 · wall_segment Palisade Wall x8 |
| 13:03 | MaxPower01 · wall_segment Palisade Wall x2 |
| 13:18 | LRNI_robotech · wall_segment Palisade Wall x4 |
| 13:49 | LRNI_robotech · wall_segment Palisade Wall x4 |
| 14:37 | MaxPower01 · wall_segment Palisade Wall x1 |
| 15:38 | LRNI_robotech · wall_segment Palisade Wall x5 |
| 18:39 | LRNI_robotech · first_building Stable |
| 21:37 | MaxPower01 · age_up castle |
| 22:31 | LRNI_robotech · age_up castle |
| 26:35 | LRNI_robotech · wall_segment Palisade Wall x13 |
| 28:28 | LRNI_robotech · wall_segment Palisade Wall x8 |
| 30:27 | MaxPower01 · wall_segment Palisade Wall x1 |
| 30:31 | MaxPower01 · wall_segment Palisade Wall x1 |
| 31:04 | MaxPower01 · wall_segment Palisade Wall x1 |
| 31:44 | LRNI_robotech · first_building Siege Workshop |
| 32:01 | LRNI_robotech · first_building Monastery |
| 34:19 | LRNI_robotech · first_building Castle |
| 37:32 | MaxPower01 · first_building Siege Workshop |
| 38:04 | LRNI_robotech · wall_segment Palisade Wall x1 |
| 40:02 | LRNI_robotech · resign |
[ ANÁLISIS IA · 1 CRÉDITO ]
¿Qué pasó realmente en esta partida?
Wolo.gg analiza cada decisión: build order, eco, micro, errores típicos por bracket. Análisis personalizado por WhatsApp o Discord en 30 segundos.
Guía civ
Francos
Perfil
LRNI_robotech